 Dungeon Crawl Stone Soup version 0.29-a0-668-g12ee2bf84d (webtiles) character file.

Game seed: 8720765689092420292

51 IdlyInterested the Covered (level 3, -1/29 HPs)
             Began as a Demonspawn Fighter on June 23, 2022.
             Succumbed to Sigmund's poison
             ... on level 4 of the Dungeon.
             The game lasted 00:03:29 (1393 turns).

IdlyInterested the Covered (Demonspawn Fighter)     Turns: 1393, Time: 00:03:30

Health: -1/29      AC:  9    Str: 18    XL:     3   Next: 58%
Magic:  3/3        EV:  6    Int:  9    God:
Gold:   67         SH:  8    Dex: 12    Spells: 2/2 levels left

rFire   . . .      SeeInvis .   a - +0 flail
rCold   . . .      Faith    .   c - +0 buckler
rNeg    . . .      Spirit   +   j - +0 chain mail
rPois   .          Reflect  .   (no helmet)
rElec   .          Harm     .   (no cloak)
rCorr   .          Rampage  .   (no gloves)
Will    .....                   (no boots)
Stlth   ..........              i - amulet of guardian spirit
HPRegen 0.09/turn               (no ring)
MPRegen 0.08/turn               (no ring)

@: mighty, lethally poisoned (-1 -> -15), hasted, very quick
A: large bone plates 1
a: no special abilities


You were on level 4 of the Dungeon.
You visited 1 branch of the dungeon, and saw 3 of its levels.

You collected 67 gold pieces.

Inventory:

Hand Weapons
 a - a +0 flail (weapon)
Missiles
 e - 2 javelins
 f - 12 stones (quivered)
Armour
 c - a +0 buckler (worn)
 j - a +0 chain mail (worn)
Jewellery
 i - an amulet of guardian spirit (around neck)
Scrolls
 g - a scroll of vulnerability {unknown}
 k - a scroll of noise {unknown}
Potions
 d - a potion of might


   Skills:
 - Level 3.0 Fighting
 + Level 2.5 Maces & Flails
 * Level 3.8 Armour
 - Level 2.6 Shields


You had 2 spell levels left.
You didn't know any spells.
Your spell library was empty.

Dungeon Overview and Level Annotations

Branches:
Dungeon (2/15)

Altars:

Annotations:
D:4 Sigmund


Innate Abilities, Weirdness & Mutations

You are partially covered in large bone plates. (SH +4)


Message History

The quokka bites you.
You sock the quokka!
You kill the quokka!
HP restored.
Found a hand axe.
Sigmund the Dreaded comes into view.
He is wielding a +1 scythe of venom.
Sigmund shouts!
Sigmund gestures at you while chanting.
You are confused.
Sigmund hits you but does no damage.
You barely miss Sigmund. Sigmund attacks as you move away!
Sigmund barely misses you.
Sigmund hits you from afar with a +1 scythe of venom.
You are poisoned.
You feel sick.
You hit Sigmund.
Sigmund is moderately wounded.
You feel very sick.
Sigmund hits you with a +1 scythe of venom!
You are lethally poisoned!
It was a potion of haste.
You feel yourself speed up.
You feel less confused.
You feel very sick. You block Sigmund's attack.
It was a potion of magic.
Magic courses through your body.
You feel sick.
Sigmund hits you with a +1 scythe of venom.
You are more poisoned.
You feel very mighty all of a sudden.
* * * LOW HITPOINT WARNING * * *
You feel very sick.
You closely miss Sigmund.
Sigmund is moderately wounded.
* * * LOW HITPOINT WARNING * * *
You feel very sick.
Sigmund giggles. "Time to reap what you sow."
Sigmund gestures at you while chanting. You resist with significant effort.
You barely miss Sigmund.
Sigmund is moderately wounded.
You die...

#.# #.# #.#
###'##### ..
#.###.......# ...
#...........####...
####.............#
#..##.........#
#..##.........#
....##.........#
.###.##...@@....#
...#.........#
...+.).......#
..#.........#
#.........#
#.........#
#.######### ..


You could see Sigmund.

Vanquished Creatures
  2 adders (D:2)
  A dart slug (D:1)
  5 ball pythons (D:1)
  4 bats
  5 endoplasms
  2 giant cockroaches (D:1)
  A goblin (D:2)
  2 hobgoblins (D:1)
  A quokka (D:4)
  5 frilled lizards
  2 kobolds (D:1)
  3 rats (D:1)
33 creatures vanquished.

Notes
Turn   | Place    | Note
-------+----------+-------------------------------------------
     0 | D:1      | IdlyInterested the Demonspawn Fighter began the quest for
                  | the Orb.
     0 | D:1      | Reached XP level 1. HP: 18/18 MP: 1/1
   285 | D:1      | Gained mutation: You are partially covered in large bone
                  | plates. (SH +4) [demonic ancestry]
   285 | D:1      | Reached XP level 2. HP: 23/24 MP: 2/2
   626 | D:1      | Found a faded altar of an unknown god.
  1021 | D:2      | Reached XP level 3. HP: 29/29 MP: 3/3
  1328 | D:2      | You fall into a shaft and drop 2 floors!
  1380 | D:4      | Noticed Sigmund
  1393 | D:4      | Succumbed to Sigmund's poison

Illustrated notes

Levels and vault maps discovered:
D:1:      tarquinn_simple_flora_water_d, layout_basic,
          nicolae_ecumenical_snake_handling
D:2:      layout_loops_cross, kennysheep_flooded_box
D:4:      layout_basic, uniq_sigmund

Skill      XL: |  1 |
---------------+----+-----
Maces & Flails | 2 |  2.5
Armour         | 3 |  3.8
Fighting       | |  3.0
Shields        | |  2.6

Action                   || total
-------------------------++-------
Melee: Flail             ||   117
  Use: Potion            ||     5
       Scroll            ||     2
Armor: Scale mail        ||    39
       Chain mail        ||    20
Dodge: Dodged            ||    47
Block: Buckler           ||    52

Table legend: (Time is in decaauts)
 A = Elapsed time spent in this place.
 B = Non-inter-level travel time spent in this place.
 C = Inter-level travel time spent in this place.
 D = Time resting spent in this place.
 E = Time spent auto-exploring this place.
 F = Levels seen in this place.
 G = Mean time per level.
                   A        B        C        D        E       F      G
               +--------+--------+--------+--------+--------+-----+--------+
         Total |   1431 |   1418 |     13 |    319 |    771 |   3 |  477.0 |
       Dungeon |   1431 |   1418 |     13 |    319 |    771 |   3 |  477.0 |
               +--------+--------+--------+--------+--------+-----+--------+

Top non-repeatable levels by time:
     D:1: 1001 daAuts
     D:2: 364 daAuts
     D:4: 65 daAuts
